 Dungeon Crawl Stone Soup version 0.10.4 character file.

2567 TheDragonKing the Thrower (level 9, -5/51 HPs)
             Began as a Sludge Elf Necromancer on Nov 8, 2016.
             Was a Believer of Makhleb.
             Slain by a killer bee (8 damage)
             ... on Level 8 of the Dungeon.
             The game lasted 01:03:15 (8299 turns).

TheDragonKing the Thrower (Sludge Elf Necromancer)  Turns: 8299, Time: 01:03:16

HP  -5/51        AC  7     Str  8      XL: 9   Next: 39%
MP  10/23        EV 15     Int 20      God: Makhleb [**....]
Gold 260         SH  0     Dex 15      Spells:  5 memorised,  5 levels left

Res.Fire  : . . .   See Invis. : .   a - +0 scythe
Res.Cold  : . . .   Warding    : . . v - +2 leather armour
Life Prot.: . . .   Conserve   : .   (no shield)
Res.Acid. : . . .   Res.Corr.  : .   f - +0 plumed helmet
Res.Poison: .       Clarity    : +   (no cloak)
Res.Elec. : .       Spirit.Shd : .   e - +0 pair of gloves
Sust.Abil.: . .     Stasis     : .   (no boots)
Res.Mut.  : .       Ctrl.Telep.: .   M - amulet of clarity
Res.Rott. : .       Levitation : .   (no ring)
Saprovore : . . .   Ctrl.Flight: .   o - +3 ring of evasion

@: mildly poisoned, somewhat resistant to hostile enchantments, fairly stealthy
A: no striking features
a: Minor Destruction, Renounce Religion


You were on level 8 of the Dungeon.
You worshipped Makhleb.
Makhleb was greatly pleased with you.
You were not hungry.

You visited 2 branches of the dungeon, and saw 9 of its levels.

You collected 240 gold pieces.

Inventory:

Hand weapons
 a - a +0,+0 scythe (weapon)
 D - a +0,+0 dagger (quivered)
 G - a +0,+0 dagger
 L - a -1,+1 orcish dagger
Armour
 e - a +0 pair of gloves (worn)
 f - a +0 plumed helmet (worn)
 v - a +2 leather armour (worn)
Magical devices
 h - a wand of slowing (0)
 j - a wand of random effects (14)
 s - a wand of fire (9)
 C - a wand of disintegration (8)
Comestibles
 c - a bread ration
 J - a choko
Scrolls
 d - 2 scrolls of fear
 k - a scroll of enchant weapon I
 p - a scroll of identify
 r - a scroll of detect curse
 E - 2 scrolls of teleportation
 I - 2 scrolls of blinking
Jewellery
 o - a +3 ring of evasion (left hand)
 M - an amulet of clarity (around neck)
Potions
 g - a potion of agility
 l - a potion of invisibility
 m - a potion of resistance
 q - a potion of berserk rage
 F - a potion of curing
 H - a potion of might
Books
 b - a book of Necromancy

   Spells                             Type                      Level
   *Pain                              Necromancy                   1
   Animate Skeleton                   Necromancy                   1
   *Lethal Infusion                   Charms/Necromancy            2
   *Vampiric Draining                 Necromancy                   3
   Regeneration                       Charms/Necromancy            3
   Animate Dead                       Necromancy                   4
   *Control Undead                    Necromancy                   4
 i - a book of Death

   Spells                             Type                      Level
   Corpse Rot                         Necromancy                   2
   Sublimation of Blood               Necromancy                   2
   Agony                              Necromancy                   5
   *Dispel Undead                     Necromancy                   5
   Excruciating Wounds                Charms/Necromancy            5
   Bolt of Draining                   Conjuration/Necromancy       6
 A - a book of War Chants

   Spells                             Type                      Level
   Fire Brand                         Charms/Fire                  2
   Freezing Aura                      Charms/Ice                   2
   Shroud of Golubria                 Charms/Translocation         2
   Repel Missiles                     Charms/Air                   2
   Poison Weapon                      Charms/Poison                3
   Regeneration                       Charms/Necromancy            3


   Skills:
 + Level 10.0 Throwing
 - Level 2.4 Dodging
 - Level 2.2 Stealth
 + Level 6.2 Spellcasting
 - Level 8.0 Necromancy


You had 5 spell levels left.
You knew the following spells:

 Your Spells              Type           Power        Failure   Level  Hunger
a - Pain                  Necr           #####        1%          1    None
b - Vampiric Draining     Necr           ######....   1%          3    Strawberry
c - Lethal Infusion       Chrm/Necr      ####......   3%          2    None
d - Control Undead        Necr           ######....   4%          4    Honeycomb
e - Dispel Undead         Necr           ######...    14%         5    Honeycomb

Dungeon Overview and Level Annotations

Branches:
Dungeon (8/27)             Temple (1/1) D:5             Orc (0/4) D:7
   Lair: D:8-13

Altars:
Ashenzari
Cheibriados
Elyvilon
Fedhas
Kikubaaqudgha
Makhleb
Nemelex Xobeh
Okawaru
Sif Muna
The Shining One
Trog
Vehumet
Xom
Yredelemnul
Zin

Shops:
D:6: *


Message History

* * * LOW HITPOINT WARNING * * *
The killer bee closely misses you. The killer bee misses you.
The killer bee closely misses you.
Casting: Vampiric Draining
Confirm with . or Enter, or press ? or * to list all spells.
Aiming: Vampiric Draining
Press: ? - help, Shift-Dir - straight line, f/p - killer bee
Aim: a killer bee (severely wounded)
You kill the killer bee!
Makhleb accepts your kill.
You feel a little better.
You feel life coursing into your body.
* * * LOW HITPOINT WARNING * * *
You feel sick. The killer bee barely misses you. The killer bee stings you.
* * * LOW HITPOINT WARNING * * *
The killer bee stings you!
* * * LOW HITPOINT WARNING * * *
You are more poisoned.
The killer bee poisons you! The killer bee barely misses you.
The killer bee stings you!
You die...

####### #.....# . #.....#
.). #.....# ##### #######
...)..###...k.# #...#
#......
#).)..).%..k@####...#
#......
#..........kk.......#
#......
....................#
#...###
#.........###.......# #...#
#.........# #.......#
#...###
.........###..≈....###......
...........................
.................####.....
#.......######## #.....


You could see 4 killer bees.

Vanquished Creatures
  Eustachio (D:4)
  Menkaure (D:6)
  A sky beast (D:8)
  A troll zombie (D:7)
  2 centaurs (D:6)
  A phantom (D:7)
  Sigmund (D:4)
  2 giant frogs
  Blork the orc (D:4)
  2 killer bees (D:8)
  3 crimson imps
  3 ogre zombies (D:7)
  2 hounds
  A goliath beetle (D:7)
  An iguana (D:6)
  3 orc wizards
  2 scorpions
  A worker ant (D:6)
  A goliath beetle zombie (D:5)
  2 jellies
  A midge (D:4)
  5 adders
  An adder skeleton (D:7)
  A giant mite (D:6)
  A white imp (D:4)
  3 worms
  A grey rat (D:4)
  A bat skeleton (D:7)
  6 giant geckos
  20 orcs
  15 bats
  10 giant cockroaches
  9 goblins
  13 hobgoblins
  2 jackals (D:4)
  A quokka (D:5)
  3 ball pythons (D:4)
  5 giant newts
  A goblin skeleton (D:7)
  A goblin zombie (D:7)
  2 hobgoblin skeletons (D:7)
  A hobgoblin zombie (D:7)
  12 kobolds
  A kobold skeleton (D:6)
  4 orc skeletons (D:7)
  13 orc zombies (D:7)
  10 rats
  2 ballistomycetes (D:7)
  2 toadstools
179 creatures vanquished.

Vanquished Creatures (collateral kills)
  2 hungry ghosts (D:7)
  A phantom (D:7)
  2 troll zombies (D:7)
  2 ogre zombies (D:7)
  A scorpion (D:7)
  An orc wizard (D:7)
  A jelly (D:7)
  An adder (D:7)
  An orc (D:7)
  2 hobgoblins (D:7)
  A goblin zombie (D:7)
  A hobgoblin zombie (D:7)
  An orc zombie (D:7)
17 creatures vanquished.

Vanquished Creatures (others)
  A hound (D:7)
  An iguana (D:7)
  A worker ant (D:7)
  2 hobgoblins
  A giant spore (D:7)
  A rat (D:1)
  6 toadstools
13 creatures vanquished.

Grand Total: 209 creatures vanquished

Notes
Turn   | Place    | Note
--------------------------------------------------------------
     0 | D:1      | TheDragonKing, the Sludge Elf Necromancer, began the quest for the Orb.
     0 | D:1      | Reached XP level 1. HP: 11/11 MP: 3/3
   607 | D:1      | Reached XP level 2. HP: 13/17 MP: 1/5
   995 | D:1      | Reached skill level 1 in Throwing
  1384 | D:2      | Noticed a jelly
  1389 | D:2      | Killed a jelly
  1389 | D:2      | Reached skill level 5 in Necromancy
  1389 | D:2      | Reached XP level 3. HP: 18/21 MP: 5/8
  1394 | D:2      | Learned a level 3 spell: Vampiric Draining
  1397 | D:2      | Learned a level 2 spell: Lethal Infusion
  1553 | D:2      | Found a glowing silver altar of Zin.
  1636 | D:2      | Found a bloodstained altar of Trog.
  1715 | D:2      | Reached XP level 4. HP: 6/27 MP: 1/10
  1918 | D:2      | Noticed a giant frog
  1928 | D:2      | Killed a giant frog
  1928 | D:2      | Reached XP level 5. HP: 5/31 MP: 3/12
  2537 | D:2      | Found a sparkling altar of Nemelex Xobeh.
  3295 | D:3      | Reached skill level 6 in Necromancy
  3788 | D:4      | Noticed Sigmund
  3803 | D:4      | Killed Sigmund
  3803 | D:4      | Reached skill level 5 in Throwing
  3803 | D:4      | Reached XP level 6. HP: 31/36 MP: 0/14
  4293 | D:4      | Noticed Eustachio
  4330 | D:4      | Killed Eustachio
  4330 | D:4      | Reached skill level 7 in Necromancy
  4330 | D:4      | Reached XP level 7. HP: 34/41 MP: 3/16
  4363 | D:4      | Noticed Blork the orc
  4387 | D:4      | Killed Blork the orc
  4814 | D:4      | Found a blossoming altar of Fedhas.
  5232 | D:5      | Entered Level 5 of the Dungeon
  5239 | D:5      | Found a staircase to the Ecumenical Temple.
  5251 | Temple   | Entered the Ecumenical Temple
  5347 | Temple   | Became a worshipper of Makhleb the Destroyer
  5709 | D:6      | Noticed Menkaure
  5723 | D:6      | Killed Menkaure
  6099 | D:6      | Reached skill level 8 in Necromancy
  6099 | D:6      | Reached XP level 8. HP: 38/46 MP: 14/18
  6380 | D:6      | Acquired Makhleb's first power
  6701 | D:6      | Found Cihaic's Assorted Antiques.
  6997 | D:7      | Reached skill level 9 in Throwing
  6997 | D:7      | Reached skill level 5 in Spellcasting
  7005 | D:7      | Learned a level 4 spell: Control Undead
  7159 | D:7      | Found a staircase to the Orcish Mines.
  7159 | D:7      | Noticed an ogre zombie
  7159 | D:7      | Noticed a troll zombie
  7159 | D:7      | Noticed an ogre zombie
  7159 | D:7      | Noticed a troll zombie
  7182 | D:7      | an ogre zombie (ally) was killed
  7182 | D:7      | Acquired Makhleb's second power
  7183 | D:7      | Noticed a troll zombie
  7188 | D:7      | Noticed an ogre zombie
  7193 | D:7      | Noticed an ogre zombie
  7196 | D:7      | an ogre zombie (ally) was killed
  7200 | D:7      | Killed an ogre zombie
  7203 | D:7      | Noticed an ogre zombie
  7208 | D:7      | Reached XP level 9. HP: 45/51 MP: 12/22
  7225 | D:7      | Killed an ogre zombie
  7233 | D:7      | Killed a troll zombie
  7239 | D:7      | an ogre zombie (ally) was killed
  7275 | D:7      | Killed a troll zombie
  7414 | D:7      | Killed a troll zombie
  7960 | D:8      | Learned a level 5 spell: Dispel Undead
  8292 | D:8      | Reached skill level 10 in Throwing
  8299 | D:8      | Slain by a killer bee
